[Event "Late-Titled-Tuesday-Blitz-October-10-2023"]
[Site "Chess.com"]
[Date "2023.10.10"]
[Round "2"]
[White "vladislavkovalev"]
[Black "SCIM"]
[Result "1/2-1/2"]
[WhiteElo "2877"]
[BlackElo "2582"]
[TimeControl "180+1"]
[EndTime "14:18:56 PDT"]
[Termination "Game drawn by repetition"]

1. e4 c6 2. Nf3 d5 3. d3 g6 4. e5 Bg7 5. h3 c5 6. Bf4 Nc6 7. Nbd2 Qc7 8. g3 Nxe5 9. Qe2 Nxf3+ 10. Nxf3 Qb6 11. c3 Nf6 12. Bg2 O-O 13. O-O e6 14. g4 Bd7 15. Rfe1 Bc6 16. Be5 Rfe8 17. g5 Nh5 18.
Bxg7 Kxg7 19. Ne5 Qc7 20. Qd2 f6 21. gxf6+ Nxf6 22. Re2 Rf8 23. Rae1 Rae8 24. Bf3 Nd7 25. Bg4 Nxe5 26. Rxe5 Rf6 27. d4 c4 28. Bxe6 Ref8 29. R1e2 Qd6 30. Qg5 h6 31. Qg2 Rf4 32. Bxd5 Bxd5 33.
Qxd5 Qf6 34. Re7+ Kh8 35. Qe5 Qxe5 36. R7xe5 Rf3 37. Kg2 R3f7 38. Re6 Kg7 39. a4 Rd8 40. Re7 Rd5 41. Rxf7+ Kxf7 42. Kf3 Ra5 43. Re5 Rxa4 44. Rc5 b6 45. Rc7+ Kf6 46. Rc6+ Kf5 47. Ke3 Ra2 48.
Rxc4 Rxb2 49. Rc8 a5 50. Rf8+ Ke6 51. Rg8 Kf7 52. Ra8 Rb1 53. d5 Ke7 54. Ke4 Kd6 55.
Rd8+ Kc7 56. Rg8 a4 57. Rg7+ Kd6 58. Rxg6+ Kc5 59. Rc6+ Kb5 60. c4+ Ka5 61. Rc8 a3 62. d6 Rd1 63. Ke5 Kb4 64. Ke6 a2 65. Ra8 a1=Q 66.
Rxa1 Rxa1 67. d7 Rd1 68. f4 Kxc4 69. f5 Kc5 70. Ke7 Re1+ 71. Kf7 Rd1 72. Ke7 Re1+ 73.
Kf7 Rd1 74. Ke7 1/2-1/2

[Event "Late-Titled-Tuesday-Blitz-October-10-2023"]
[Site "Chess.com"]
[Date "2023.10.10"]
[Round "2"]
[White "KaydenTroffChess"]
[Black "Dr_crypt"]
[Result "1-0"]
[WhiteElo "2792"]
[BlackElo "2397"]
[TimeControl "180+1"]
[EndTime "14:19:02 PDT"]
[Termination "KaydenTroffChess won on time"]

1. d4 Nf6 2. c4 e6 3. Nf3 Bb4+ 4.
Bd2 Qe7 5. Nc3 b6 6. g3 Bxc3 7.
Bxc3 Ne4 8. Bg2 Nxc3 9. bxc3 Bb7 10. Qd3 d6 11. O-O Nd7 12. e4 e5 13. Nh4 g6 14. f4 O-O-O 15. a4 Rhe8 16. a5 exd4 17. cxd4 Bxe4 18. Qb3 Bxg2 19. Nxg2 Qf6 20. Rfd1 d5 21. cxd5 Nb8 22. axb6 axb6 23. Ra8 Qd6 24.
Ne3 Rxe3 25. Qxe3 Qxd5 26. Ra7 Nc6 27. Ra8+ Nb8 28. Ra3 Kb7 29. Qd3 Rd7 30. Kf2 f5 31. Qf3 Qxf3+ 32. Kxf3 Nc6 33. Rad3 Nb4 34. Re3 Nc2 35. Red3 Nb4 36. R3d2 Nd5 37. Re1 Nf6 38. h3 Ne4 39. Rd3 c5 40. d5 c4 41. Rd4 b5 42.
Rb1 Kb6 43. Ke3 Kc5 44. d6 b4 45. Ra1 b3 46. Ra4 Nxd6 47. Ra5+ Kb4 48. Re5 Kc3 49. Rd1 b2 50. Ke2 Kb3 51. Re6 c3 52. Re3 Nc4 53. Rxd7 b1=Q 54. Rb7+ Kc2 55. Rxb1 Nxe3 56.
Rb7 Nc4 57. Rxh7 Kb1 58. Rb7+ Nb2 59. Rc7 c2 60. Kd2 Nd3 61. Rxc2 Nf2 62. Rc1+ Kb2 63. Rc4 Ne4+ 64. Rxe4 fxe4 65. Ke3 Kc3 66. Kxe4 Kd2 67.
g4 1-0

[Event "Late-Titled-Tuesday-Blitz-October-10-2023"]
[Site "Chess.com"]
[Date "2023.10.10"]
[Round "2"]
[White "K_A_S_T_O_R"]
[Black "jaskol95"]
[Result "1-0"]
[WhiteElo "2903"]
[BlackElo "2578"]
[TimeControl "180+1"]
[EndTime "14:19:05 PDT"]
[Termination "K_A_S_T_O_R won by resignation"]

1. e4 d5 2. exd5 Nf6 3. d4 Bg4 4. Be2 Bxe2 5. Qxe2 Qxd5 6. Nf3 Nc6 7. c3 e6 8. Bf4 Bd6 9. Bg3 Bxg3 10. hxg3 O-O-O 11. Nbd2 Rhe8 12. Nc4 h6 13. O-O-O b5 14. Nce5 Nxe5 15. dxe5 Qxa2 16. exf6 Qa1+ 17. Kc2 Qa4+ 18.
Kb1 b4 19. cxb4 gxf6 20. Nd4 Qxb4 21. Qa6+ Qb7 22. Qxb7+ Kxb7 23. Kc2 Rd5 24. Ne2 Rc5+ 25.
Nc3 h5 26. Rd4 Re5 27. Rb4+ Kc6 28. Ra1 a5 29. Rc4+ Kb6 30. b4 axb4 31. Rxb4+ Kc6 32.
Rc4+ Kd7 33. Ra7 Rc8 34. Ne4 f5 35. Nc3 Kd6 36. Kd2 f6 37. f4 Rc5 38. Ra6+ c6 39.
Rd4+ Kc7 40. Ra7+ Kb6 41. Rda4 Rd8+ 42. Kc2 Rc4 43. Rxc4 Kxa7 44. Rxc6 Rg8 45. Ne2 e5 46. Rxf6 exf4 47. Nxf4 Rxg3 48. Rxf5 h4 49. Kd2 Kb6 50. Ke2 Kc6 51. Kf2 Rg4 52. Ne2 Kd6 53. Rf4 Rg5 54.
Rxh4 Ke7 55. Rf4 Rg6 56. g3 Rb6 57. Kf3 Rb3+ 58. Kf2 Rb2 59. Rf3 Ke6 60. g4 Ke5 61. Rf5+ Ke4 62. Kf1 Rb1+ 63. Kf2 Rb2 64. Rf3 Rb1 65.
Ng3+ Ke5 66. Kg2 Rb8 67. g5 Rg8 68. Rf5+ Ke6 69. Kf3 Ra8 70. Kg4 Ra4+ 71. Rf4 Ra3 72.
g6 Ra8 73. g7 Rg8 74. Nh5 Ke7 75. Kg5 Ra8 76. Kg6 Ke6 77. Rf8 Ra1 78. g8=Q+ Ke7 79. Qg7+ Kd6 80. Qxa1 Ke7 81. Qf6+ Kd7 82. Rd8+ 1-0

[Event "Late-Titled-Tuesday-Blitz-October-10-2023"]
[Site "Chess.com"]
[Date "2023.10.10"]
[Round "2"]
[White "AungTZ"]
[Black "PatzerSmashers"]
[Result "1-0"]
[WhiteElo "2037"]
[BlackElo "2404"]
[TimeControl "180+1"]
[EndTime "14:19:10 PDT"]
[Termination "AungTZ won on time"]

1. e4 c5 2. Nf3 a6 3. c3 d5 4.
e5 Nc6 5. d4 Bg4 6. Be2 e6 7.
O-O Qb6 8. dxc5 Bxc5 9. b4 Be7 10. Bf4 Qc7 11. Re1 Nh6 12. h3 Bxf3 13. Bxf3 Nf5 14.
Nd2 O-O 15. Rc1 Rfd8 16. Nb3 a5 17. b5 Nb8 18. Nd4 Nxd4 19. cxd4 Qb6 20. a4 Nd7 21.
Re2 Ba3 22. Rc3 Bb4 23. Rcc2 Rac8 24. Qd3 Nf8 25. g4 Qa7 26. Bg5 Re8 27. Be3 Qb8 28.
Rxc8 Rxc8 29. Rc2 Nd7 30. Be2 Nb6 31. Qd1 Rxc2 32. Qxc2 Qc8 33. Qxc8+ Nxc8 34. Kf1 Nb6 35. Bd1 Kf8 36. Ke2 Ke7 37. Kd3 Nc4 38. Bg5+ f6 39. Bc1 fxe5 40. dxe5 Nxe5+ 41. Kd4 Nd7 42. Bg5+ Kd6 43.
f4 Bd2 44. Bc2 h6 45. Bd8 Bxf4 46. Bxa5 e5+ 47. Kd3 Nc5+ 48. Ke2 Ne6 49. Bb4+ Kc7 50. Bc3 d4 51. Bb4 b6 52. a5 Nc5 53. a6 Bg5 54.
Bf5 Be7 55. Kf3 Bd6 56. Bh7 Kd7 57. Bf5+ Kc7 58. Bh7 Kb8 59. Bf5 Bf8 60. Bh7 Nd7 61.
Bxf8 Nxf8 62. Bf5 g6 63. Bd3 Ne6 64. Bxg6 Ng5+ 65. Kg3 e4 66. h4 d3 67. Kf2 Ne6 68.
Bxe4 1-0

[Event "Late-Titled-Tuesday-Blitz-October-10-2023"]
[Site "Chess.com"]
[Date "2023.10.10"]
[Round "2"]
[White "MMSANCHEZ"]
[Black "onnoelgersma"]
[Result "1-0"]
[WhiteElo "2758"]
[BlackElo "2513"]
[TimeControl "180+1"]
[EndTime "14:19:16 PDT"]
[Termination "MMSANCHEZ won by checkmate"]

1. d4 d5 2. Nf3 Nf6 3. e3 g6 4. c4 Bg7 5. b4 O-O 6. a4 Ne4 7. Bb2 Bf5 8. Qb3 c6 9. Be2 a5 10. cxd5 axb4 11. Qxb4 cxd5 12. O-O Nc6 13. Qb5 Na5 14.
Nc3 Nd6 15. Qxd5 Be6 16. Qg5 Ndc4 17. Rab1 Rc8 18. Ba1 Na3 19. Rbd1 Nb3 20. Nb5 Nxb5 21. Qxb5 Nxa1 22. Rxa1 Bd5 23. h3 Rc2 24. Rfc1 Bc6 25.
Qd3 Rxc1+ 26. Rxc1 Bxa4 27. d5 Qd6 28. e4 Bd7 29.
Qb3 Rc8 30. Rb1 b5 31. Bxb5 Rb8 32. Qd3 Qb6 33. Bxd7 Qxb1+ 34. Qxb1 Rxb1+ 35. Kh2 Rb4 36. e5 Rb1 37. Kg3 Rd1 38. Bc6 f5 39. Kf4 h6 40.
Ke3 g5 41. Ke2 Rb1 42. Bd7 Rb6 43. Bxf5 Kf8 44. Ke3 Rb3+ 45. Bd3 Rb4 46. g4 Ke8 47. Bg6+ Kd8 48. Bf5 Rb3+ 49. Bd3 Rb4 50. Bf5 Rf4 51. Nd4 Bxe5 52. Nc6+ Kc7 53. Nxe5 Ra4 54. Nf7 Ra3+ 55. Bd3 Ra4 56. Nxh6 Kd6 57. Nf5+ Kxd5 58. Nxe7+ Ke5 59.
Nf5 Ra1 60. h4 gxh4 61. Nxh4 Rh1 62. Nf3+ Ke6 63. g5 Ra1 64. Kf4 Ra4+ 65. Be4 Ra3 66. Nd4+ Kf7 67. Ke5 Kg7 68. f4 Ra5+ 69. Bd5 Ra1 70.
f5 Re1+ 71. Be4 Ra1 72. Ne6+ Kh8 73. g6 Ra5+ 74. Kf6 Ra7 75. Kg5 Kg8 76. f6 Ra5+ 77.
Kh6 Ra7 78. Ng5 Rb7 79. f7+ Kf8 80. Nh7+ Ke7 81. f8=Q+ Kd7 82. Qf7+ Kd8 83. Qxb7 Ke8 84.
Nf6+ Kd8 85. Qd7# 1-0

[Event "Late-Titled-Tuesday-Blitz-October-10-2023"]
[Site "Chess.com"]
[Date "2023.10.10"]
[Round "2"]
[White "The_Princess_Moon"]
[Black "Andrei_Skvortsov"]
[Result "1-0"]
[WhiteElo "2300"]
[BlackElo "2673"]
[TimeControl "180+1"]
[EndTime "14:19:19 PDT"]
[Termination "The_Princess_Moon won by resignation"]

1. e4 c5 2. Nf3 d6 3. c3 Nf6 4. h3 Bd7 5. Bd3 g5 6. Bc2 g4 7. hxg4 Bxg4 8. d4 cxd4 9. cxd4 Nc6 10. d5 Ne5 11. Ba4+ Ned7 12. Nc3 a6 13. Bf4 b5 14.
Bc2 Nc5 15. a3 Rc8 16. Qd2 Bxf3 17. gxf3 h5 18. Ne2 Ncd7 19. Nd4 Qb6 20. Be3 Ne5 21. Bd1 Nc4 22. Qb4 Qb7 23. Be2 Nxe3 24. fxe3 Bh6 25. Kf2 Qa7 26. a4 bxa4 27. Rxa4 O-O 28. Rxa6 Qd7 29. Bd3 Rb8 30. Rb6 Rxb6 31. Qxb6 e5 32. Nf5 Kh7 33. Qxd6 Qxd6 34. Nxd6 Rb8 35. Rb1 Kg6 36.
Nf5 Bf8 37. b3 Nd7 38. Bc4 Nb6 39. Ra1 Kg5 40. Rg1+ Kf6 41. Rh1 Rc8 42. Rxh5 Nxc4 43. bxc4 Rxc4 44. Rh8 Rc8 45. Kg3 Kg5 46. f4+ Kf6 47.
fxe5+ Kxe5 48. Kf3 Rd8 49. Nd4 Ra8 50. Nc6+ Kd6 51.
Kf4 Kc5 52. Kf5 Kc4 53. Ne5+ Kc3 54. Nxf7 Kd3 55. d6 Kxe3 56. d7 Ra5+ 57. e5 Be7 58. d8=Q Bxd8 59. Nxd8 Ra1 60. Nc6 Rf1+ 61. Ke6 Rc1 62.
Ne7 Rg1 63. Nd5+ Kd4 64. Rh4+ Kc5 65. Nf6 Ra1 66. Rh2 Ra5 67. Kf7 Ra7+ 68. Ke6 Ra5 69.
Rc2+ Kd4 70. Rd2+ Ke3 71. Rd6 Kf4 72. Nd5+ Ke4 73. Nc3+ Kf4 74. Rd4+ Ke3 75. Rd5 Ra3 76. Nb5 Ra6+ 77. Nd6 Kf4 78. Rd4+ Ke3 79. Re4+ Kf3 80. Rb4 Ke3 81. Ke7 Kd3 82. e6 Kc3 83. Rb7 Kd3 84. Kd7 Kd4 85. e7 Kc5 86. Ne4+ Kd5 87. e8=Q Kd4 88. Rb4+ Kd3 89. Nc5+ Kc2 90. Qe4+ 1-0

[Event "Late-Titled-Tuesday-Blitz-October-10-2023"]
[Site "Chess.com"]
[Date "2023.10.10"]
[Round "2"]
[White "fastestmindalive"]
[Black "StarkyNZ"]
[Result "1/2-1/2"]
[WhiteElo "2694"]
[BlackElo "2331"]
[TimeControl "180+1"]
[EndTime "14:19:25 PDT"]
[Termination "Game drawn - insufficient material"]

1. e4 c6 2. Nc3 d5 3. Nf3 dxe4 4. Nxe4 Nf6 5. Qe2 e6 6. d4 Be7 7. Bd2 Nbd7 8. Ng3 b5 9. h4 a5 10. h5 h6 11. Ne5 Bb7 12. Qf3 Qb6 13. Nxd7 Nxd7 14.
Qg4 Nf6 15. Qf4 Nd5 16. Qe4 Nf6 17. Qd3 Rd8 18. c3 Rd7 19. Be2 O-O 20. O-O Rfd8 21. Rfd1 e5 22. Nf5 Bf8 23. Qg3 exd4 24. Bxh6 Ne4 25. Qg4 Nf6 26. Qh4 d3 27. Bf3 c5 28.
Bxg7 Bxg7 29. Bxb7 Rxb7 30. Qg5 Ne8 31. h6 Qf6 32.
Qg4 Qg6 33. Qf3 Rbd7 34. hxg7 Nxg7 35. Nh4 Qg5 36. g3 c4 37. Ng2 d2 38. Ne3 Rd3 39. Qe4 f5 40. Qf3 Rf8 41. Qg2 f4 42. Nf1 f3 43. Qh3 Nf5 44. a4 b4 45. cxb4 axb4 46. a5 Nd4 47. a6 Ne2+ 48. Kh1 Rdd8 49. a7 Kg7 50. Rxd2 Rh8 51. Rxd8 Rxh3+ 52. Nh2 Qxd8 53.
a8=Q Qxa8 54. Rxa8 Rh8 55. Ra7+ Kf6 56. Ra6+ Ke5 57.
Ra7 Ke4 58. Re7+ Kd3 59. Re3+ Kd2 60. Rxf3 c3 61. bxc3 bxc3 62. Rxc3 Nxc3 63. Kg2 Ke2 64. Nf3 Rf8 65. Ng1+ Ke1 66. g4 Ne2 67. Nf3+ Kd1 68. Nh4 Nf4+ 69. Kg3 Ke2 70. Nf5 Nd3 71. Nd4+ Kd2 72. Ne6 Rf6 73. Ng5 Rxf2 74. Ne4+ Ke2 75. Nxf2 Nxf2 76. g5 Ne4+ 77. Kf4 Nxg5 1/2-1/2

[Event "Late-Titled-Tuesday-Blitz-October-10-2023"]
[Site "Chess.com"]
[Date "2023.10.10"]
[Round "2"]
[White "komogro"]
[Black "Dannyyi"]
[Result "0-1"]
[WhiteElo "2433"]
[BlackElo "2223"]
[TimeControl "180+1"]
[EndTime "14:19:28 PDT"]
[Termination "Dannyyi won by checkmate"]

1. e4 c5 2. Nc3 d6 3. g3 g6 4.
Bg2 Bg7 5. d3 Nc6 6. Be3 e6 7.
Nh3 Nge7 8. Qd2 Nd4 9. O-O O-O 10.
Bh6 e5 11. Bxg7 Kxg7 12. f4 f6 13. Nd1 b5 14. c3 Ndc6 15. Ne3 b4 16. f5 Rb8 17.
Ng4 Ng8 18. Kh1 bxc3 19. bxc3 Ba6 20. Ne3 Qa5 21. Nd5 Qa3 22. Rab1 Rxb1 23. Rxb1 Rb8 24.
Rxb8 Nxb8 25. Nf2 Nc6 26. h4 Nce7 27. Nc7 Bc8 28. Ne8+ Kf8 29. Nxd6 Bd7 30. Nc4 Qa6 31. fxg6 hxg6 32. Qe3 Qxa2 33. Qxc5 Qa1+ 34. Kh2 Qxc3 35.
Qxa7 Be6 36. Qb8+ Kg7 37. Nd6 Qc2 38. Kg1 Qc1+ 39. Bf1 Qe3 40. Qc7 Qxg3+ 41. Bg2 Qxh4 42. Ne8+ Kf8 43. Qd8 Kf7 44. Nc7 Bb3 45. Qe8+ Kg7 46. Qd7 Qg5 47. Qb5 Qc1+ 48. Kh2 Bf7 49. Ne8+ Bxe8 50.
Qxe8 Qf4+ 51. Kg1 Qe3 52. Qd7 Kf7 53. Bh3 Qg3+ 54. Kf1 f5 55. exf5 gxf5 56. Bxf5 Qg5 57. Be6+ Kg7 58. Qe8 Qf6 59. Bc4 Nh6 60. Qh5 Nef5 61.
Ke1 Qe7 62. Ne4 Qb4+ 63. Ke2 Qb2+ 64. Ke1 Qc1+ 65. Qd1 Qe3+ 66. Qe2 Qc1+ 67. Kf2 Qf4+ 68. Kg1 Ng4 69. Be6 Qc1+ 70. Kg2 Nfe3+ 71. Kg3 Qg1+ 72. Kh4 Kh6 73. Bxg4 Ng2+ 74. Kg3 Nf4+ 75. Kf3 Nxe2 76. Kxe2 Qxg4+ 77. Ke3 Qf4+ 78. Ke2 Kg6 79. Nf2 Kf5 80. Ne4 Qg4+ 81. Ke3 Qh3+ 82. Ke2 Kf4 83. Nf2 Qg2 84. Ke1 Ke3 85. Nd1+ Kxd3 86. Nf2+ Ke3 87. Nd1+ Kf3 88. Ne3 Qe2# 0-1

[Event "Late-Titled-Tuesday-Blitz-October-10-2023"]
[Site "Chess.com"]
[Date "2023.10.10"]
[Round "2"]
[White "NateSolon"]
[Black "frederiksvane"]
[Result "0-1"]
[WhiteElo "2573"]
[BlackElo "2893"]
[TimeControl "180+1"]
[EndTime "14:19:30 PDT"]
[Termination "frederiksvane won on time"]

1. d4 d5 2. Bf4 e6 3. e3 Bd6 4. Nf3 Ne7 5. Bd3 c5 6. c3 Nbc6 7. O-O Bxf4 8. exf4 cxd4 9. cxd4 Qb6 10. Nc3 h6 11. Na4 Qc7 12. Rc1 Qxf4 13. Bb1 O-O 14.
Qd3 Ng6 15. Nc5 Qd6 16. h4 Rd8 17. g3 b6 18. Nb3 a5 19. Qe3 Ba6 20. Rfe1 Nf8 21.
Ne5 Rac8 22. a3 Ne7 23. Qf3 f6 24. Nd3 Rxc1 25. Nbxc1 Rc8 26. Nf4 e5 27. dxe5 fxe5 28. Nh5 e4 29. Qg4 Qg6 30. Qd1 Rxc1 31. Qxc1 Qxh5 32.
Qc7 Nfg6 33. Qxb6 Bc8 34. Bc2 Bg4 35. Qxa5 Bf3 36. Bxe4 dxe4 37. Qxh5 Bxh5 38. Rxe4 Bf3 39. Re3 Bd1 40. b4 Kf7 41. b5 Ba4 42. b6 Bc6 43. a4 Nd5 44. Rb3 Bb7 45. a5 Ne5 46. a6 Bxa6 47. b7 Nc6 48. b8=Q Nxb8 49. Rxb8 Bd3 50. Rb7+ Kf6 51. Kg2 Be4+ 52. Kg1 Ne7 53.
Rb3 Bd5 54. Rc3 Nf5 55. Ra3 h5 56. Kf1 Nd4 57. Ra6+ Kf5 58. Ra5 Ke5 59. Ke1 Nf3+ 60. Ke2 Nd4+ 61. Ke3 Nf5+ 62. Ke2 g6 63. Ra7 Be4 64.
Ra5+ Bd5 65. Ra3 Nd4+ 66. Kf1 Bf3 67. Re3+ Kd5 68. Kg1 Be4 69. Kf1 Ke5 70. Kg1 Kf5 71. Kf1 Nf3 72. Ra3 Ne5 73. Ra5 Bd3+ 74. Ke1 Ke4 75. Ra7 Nf3+ 76. Kd1 Kf5 77. Ra5+ Kg4 78. Ra3 Bf5 79. Re3 Ng1 80. Ke1 Nf3+ 81. Ke2 Nd4+ 82. Kd2 Kh3 83. Ra3 Kg2 84. Ra4 Nf3+ 85. Ke3 Nh2 86. Rf4 Ng4+ 87. Ke2 Bd7 88. Rf7 Be6 89. Ke1 Bxf7 0-1

[Event "Late-Titled-Tuesday-Blitz-October-10-2023"]
[Site "Chess.com"]
[Date "2023.10.10"]
[Round "2"]
[White "dedpihto_v_kozhanom_palto"]
[Black "YouShallNotPass001"]
[Result "0-1"]
[WhiteElo "2652"]
[BlackElo "2405"]
[TimeControl "180+1"]
[EndTime "14:19:30 PDT"]
[Termination "YouShallNotPass001 won by checkmate"]

1. c4 Nf6 2. Nc3 e6 3. e4 d5 4.
e5 Ne4 5. Nxe4 dxe4 6. Qg4 Nc6 7.
Qxe4 Qd4 8. Qxd4 Nxd4 9. Bd3 Bd7 10. Ne2 Bc5 11. Be4 O-O-O 12. b3 Nxe2 13. Kxe2 Bd4 14. Rb1 Bxe5 15. Rd1 f5 16. Bf3 g5 17. d4 Bf6 18.
g3 h5 19. Be3 h4 20. b4 hxg3 21. hxg3 Ba4 22. Rd2 f4 23. gxf4 gxf4 24. Bxf4 Rxd4 25. Rxd4 Bxd4 26. Bg4 Kb8 27. Kd3 Bxf2 28. Bxe6 Rd8+ 29.
Ke4 Bc2+ 30. Kf3 Bxb1 31. Kxf2 Bxa2 32. b5 Re8 33. Bd5 Rf8 34. Ke3 Re8+ 35. Kd4 Re1 36. Kc5 Rf1 37. Be5 Rf5 38. Bg3 Rg5 39. Bf4 Rg4 40.
Be5 Rg6 41. Kb4 Kc8 42. Be4 Rg1 43. Bd4 Re1 44. Bf5+ Kb8 45. Bc3 Rf1 46. Be4 Bb1 47. Bd5 Bf5 48. Be5 Re1 49. Bg3 Re3 50. Bf4 Re2 51. c5 Be4 52. Bc4 Rf2 53. Bg3 Rf3 54. Be5 Rf5 55. Bg3 b6 56. c6 a5+ 57. Kc3 Rc5 58.
Kd4 Bg2 59. Be5 Bf3 60. Bf4 Bd1 61.
Bc1 Ba4 62. Ba3 Rh5 63. Bf7 Rxb5 64. Bd5 Rb1 65. Ke5 Re1+ 66. Kf6 Re3 67. Be7 Rc3 68. Ke5 Bxc6 69. Be6 Rc1 70. Bg5 Rc2 71. Kd4 a4 72.
Bf5 Rc5 73. Be4 Bxe4 74. Be3 Bd5 75. Kd3 Rc6 76. Kd2 a3 77. Bd4 a2 78. Be5 b5 79.
Bd4 b4 80. Bb2 b3 81. Bd4 Be6 82. Kd3 Rc2 83. Be5 Bf5+ 84. Ke3 b2 85. Kf4 b1=Q 86. Kg5 Qd1 87. Kf6 Bc8 88. Kg7 Rf2 89. Kh8 Qg1 90. Kh7 Rf3 91. Bg7 Rh3+ 92. Kg8 Be6+ 93. Kf8 Qf2+ 94. Ke8 Qf7+ 95. Kd8 Qd7# 0-1

[Event "Late-Titled-Tuesday-Blitz-October-10-2023"]
[Site "Chess.com"]
[Date "2023.10.10"]
[Round "3"]
[White "pirulillo"]
[Black "LoaySameer"]
[Result "0-1"]
[WhiteElo "2323"]
[BlackElo "2559"]
[TimeControl "180+1"]
[EndTime "14:21:50 PDT"]
[Termination "LoaySameer won by resignation"]

1. e4 g6 2. d4 Bg7 3. Nc3 d6 4.
h4 h5 5. Be3 a6 6. Qd2 b5 7.
O-O-O Bb7 8. f3 Nd7 9. Kb1 Ngf6 10. Nh3 c5 11. dxc5 dxc5 12. Nxb5 axb5 13. Bxb5 Qc7 14. e5 Nd5 15. Bxd7+ Qxd7 16. c4 Qf5+ 17. Qc2 Qxc2+ 18.
Kxc2 Nxe3+ 0-1

[Event "Late-Titled-Tuesday-Blitz-October-10-2023"]
[Site "Chess.com"]
[Date "2023.10.10"]
[Round "3"]
[White "UK_23"]
[Black "chessisveryfun1264"]
[Result "0-1"]
[WhiteElo "2364"]
[BlackElo "2585"]
[TimeControl "180+1"]
[EndTime "14:22:01 PDT"]
[Termination "chessisveryfun1264 won by resignation"]

1. e4 e6 2. d4 d5 3. Nd2 c5 4.
exd5 exd5 5. Ngf3 Nc6 6. Bb5 Qe7+ 7. Qe2 Qxe2+ 8. Bxe2 Nf6 9. O-O Bf5 10. Re1 cxd4 11.
Nb3 Bb4 12. Bd2 Bxd2 13. Nbxd2 O-O 14. Nb3 Bxc2 15. Nbxd4 Bg6 16. Rac1 Rac8 17. Nxc6 bxc6 18. Ba6 Rc7 19. Nd4 c5 20. Nb5 Rc6 21. Bb7 Rb6 0-1

[Event "Late-Titled-Tuesday-Blitz-October-10-2023"]
[Site "Chess.com"]
[Date "2023.10.10"]
[Round "3"]
[White "Mariia89"]
[Black "TheoSlade"]
[Result "0-1"]
[WhiteElo "2063"]
[BlackElo "2515"]
[TimeControl "180+1"]
[EndTime "14:22:06 PDT"]
[Termination "TheoSlade won by resignation"]

1. d4 d5 2. c4 e6 3. Nc3 a6 4.
Nf3 dxc4 5. e4 b5 6. e5 c5 7.
Ne4 cxd4 8. Bg5 Bb4+ 9. Nfd2 Qc7 10. a3 Bxd2+ 11. Qxd2 Qxe5 12. Qe2 Bb7 13. Nf6+ gxf6 0-1

[Event "Late-Titled-Tuesday-Blitz-October-10-2023"]
[Site "Chess.com"]
[Date "2023.10.10"]
[Round "3"]
[White "Arystanner"]
[Black "nihalsarin"]
[Result "0-1"]
[WhiteElo "2819"]
[BlackElo "3118"]
[TimeControl "180+1"]
[EndTime "14:22:13 PDT"]
[Termination "nihalsarin won by resignation"]

1. e4 c6 2. d4 d5 3. exd5 cxd5 4.
Nf3 Nc6 5. c3 Bg4 6. h3 Bh5 7. Qb3 Qc8 8. Ne5 f6 9. Nd3 e6 10. Bf4 Nge7 11. Nd2 g5 12. Bh2 Kf7 13.
h4 h6 14. Be2 Bxe2 15. Kxe2 Nf5 16. hxg5 Nfxd4+ 0-1

[Event "Late-Titled-Tuesday-Blitz-October-10-2023"]
[Site "Chess.com"]
[Date "2023.10.10"]
[Round "3"]
[White "Oleksandr_Bortnyk"]
[Black "marcodobrikov"]
[Result "1-0"]
[WhiteElo "3054"]
[BlackElo "2763"]
[TimeControl "180+1"]
[EndTime "14:22:13 PDT"]
[Termination "Oleksandr_Bortnyk won by resignation"]

1. e4 e5 2. Bc4 Nf6 3. d3 c6 4. Nf3 d5 5. Bb3 Bd6 6. Nc3 d4 7. Ne2 O-O 8. Ng3 c5 9. Bg5 h6 10. Bh4 Bg4 11. h3 Bxf3 12. Qxf3 g5 13. Qf5 gxh4 14.
Qg6+ Kh8 15. Qxh6+ Nh7 16. Nf5 Rg8 17. Nxd6 1-0

[Event "Late-Titled-Tuesday-Blitz-October-10-2023"]
[Site "Chess.com"]
[Date "2023.10.10"]
[Round "3"]
[White "Defenstrator"]
[Black "HeinichessPY"]
[Result "1-0"]
[WhiteElo "2407"]
[BlackElo "2164"]
[TimeControl "180+1"]
[EndTime "14:22:26 PDT"]
[Termination "Defenstrator won by checkmate"]

1. Nc3 g6 2. d4 d5 3. Bf4 Bg7 4. Nb5 Na6 5. e3 Nf6 6. Nc3 O-O 7. Bxa6 bxa6 8. Nf3 Rb8 9. Na4 Nh5 10. Bg5 h6 11. Bh4 g5 12. Bg3 Nxg3 13. hxg3 Bd7 14. Nc5 Rxb2 15. Qd3 Bb5 16. Qc3 e5 17. Qxb2 exd4 18. Nxd4 Qe7 19. Ncb3 c5 20. Nf5 Qe4 21.
Qxg7# 1-0

[Event "Late-Titled-Tuesday-Blitz-October-10-2023"]
[Site "Chess.com"]
[Date "2023.10.10"]
[Round "3"]
[White "DonJuanEGenaro"]
[Black "carloseduar100"]
[Result "0-1"]
[WhiteElo "1913"]
[BlackElo "2329"]
[TimeControl "180+1"]
[EndTime "14:22:50 PDT"]
[Termination "carloseduar100 won by resignation"]

1. d4 d5 2. Nf3 c6 3. c4 dxc4 4. e4 b5 5. a4 Bb7 6. b3 cxb3 7. Qxb3 a6 8. Ne5 e6 9. axb5 cxb5 10. Bxb5+ axb5 11. Qxb5+ Nd7 12. Qxb7 Rxa1 13. Nc6 Qa8 14. Qxa8+ Rxa8 15. O-O Ne7 16. d5 Nxc6 17. dxc6 Ne5 18. Bf4 Nxc6 19.
Nc3 Bb4 20. Nb5 O-O 21. h4 h6 22. Rc1 Rfc8 23. Nc7 Bd2 24. Rxc6 Bxf4 0-1

[Event "Late-Titled-Tuesday-Blitz-October-10-2023"]
[Site "Chess.com"]
[Date "2023.10.10"]
[Round "3"]
[White "sergeikim"]
[Black "IngOscarArdila"]
[Result "1-0"]
[WhiteElo "2594"]
[BlackElo "2314"]
[TimeControl "180+1"]
[EndTime "14:23:06 PDT"]
[Termination "sergeikim won by resignation"]

1. d4 Nf6 2. c4 e6 3. Nc3 Bb4 4. Qc2 d5 5. a3 Be7 6. Nf3 c6 7.
e3 O-O 8. Bd3 Nbd7 9. O-O Re8 10.
e4 dxe4 11. Nxe4 Nxe4 12. Bxe4 Nf6 13. Bd3 h6 14. Qe2 c5 15. dxc5 Bxc5 16. b4 Bd4 17.
Nxd4 Qxd4 18. Bb2 Qh4 19. g3 Qh3 20. Bxf6 gxf6 21. Qe4 f5 22. Qe5 Bd7 23. b5 Rad8 24. Rfd1 Bc8 25. Be2 b6 26. Bf3 h5 27. Qf6 h4 28. Rxd8 Rxd8 29. Qxd8+ 1-0

[Event "Late-Titled-Tuesday-Blitz-October-10-2023"]
[Site "Chess.com"]
[Date "2023.10.10"]
[Round "3"]
[White "feuervogel1000000"]
[Black "frederiksvane"]
[Result "0-1"]
[WhiteElo "2593"]
[BlackElo "2895"]
[TimeControl "180+1"]
[EndTime "14:23:27 PDT"]
[Termination "frederiksvane won by resignation"]

1. d4 Nf6 2. c4 g6 3. Nc3 d6 4. e4 Bg7 5. h3 Nbd7 6. Be3 e5 7. d5 h5 8. Nf3 Bh6 9. Bxh6 Rxh6 10. Qd2 Rh8 11. Bd3 h4 12. O-O-O Nc5 13. Bc2 a5 14. Qe3 Qe7 15. Nd2 Bd7 16. Rdf1 Nh5 17.
g3 Kf8 18. Bd1 Kg8 19. Bxh5 Rxh5 20. f4 hxg3 21. Qxg3 Qh4 22. Qe3 exf4 23. Rxf4 Qxf4 0-1

[Event "Late-Titled-Tuesday-Blitz-October-10-2023"]
[Site "Chess.com"]
[Date "2023.10.10"]
[Round "3"]
[White "lluiss"]
[Black "Vamostodorecto"]
[Result "0-1"]
[WhiteElo "2211"]
[BlackElo "2433"]
[TimeControl "180+1"]
[EndTime "14:23:38 PDT"]
[Termination "Vamostodorecto won by checkmate"]

1. Nf3 e6 2. d4 d5 3. c4 dxc4 4. e3 Nf6 5. Bxc4 Be7 6. O-O O-O 7. b3 a6 8. Bb2 b5 9. Be2 Bb7 10. Nbd2 Nbd7 11. Rc1 c5 12. dxc5 Nxc5 13. Bxf6 gxf6 14. Nd4 Kh8 15. Bf3 Bd5 16. Bxd5 Qxd5 17. Qf3 Rad8 18. Qh3 Nd3 19. Rc7 Bd6 20. Rc3 Nf4 21. Qh4 Qxg2# 0-1

[Event "Late-Titled-Tuesday-Blitz-October-10-2023"]
[Site "Chess.com"]
[Date "2023.10.10"]
[Round "3"]
[White "slorovel"]
[Black "dretch"]
[Result "0-1"]
[WhiteElo "2501"]
[BlackElo "2845"]
[TimeControl "180+1"]
[EndTime "14:23:41 PDT"]
[Termination "dretch won by resignation"]

1. e4 e6 2. d4 d5 3. Nd2 c5 4. Ngf3 cxd4 5. Nxd4 Nf6 6. exd5 Nxd5 7. N2f3 Bb4+ 8. c3 Nxc3 9. bxc3 Bxc3+ 10. Bd2 Bxd4 11. Qa4+ Nc6 12. Rc1 Bf6 13. Bb5 O-O 14. Bxc6 bxc6 15.
Qxc6 Rb8 16. Qa4 Qd3 17. Qxa7 Ba6 18. Qe3 Qd5 19. a3 Rb3 20. Bc3 Rc8 21. Rb1 0-1

[Event "Late-Titled-Tuesday-Blitz-October-10-2023"]
[Site "Chess.com"]
[Date "2023.10.10"]
[Round "3"]
[White "Joshukid"]
[Black "tylityli"]
[Result "1-0"]
[WhiteElo "2567"]
[BlackElo "2352"]
[TimeControl "180+1"]
[EndTime "14:23:41 PDT"]
[Termination "Joshukid won by resignation"]

1. Nf3 Nf6 2. c4 c5 3. b3 d5 4. cxd5 Nxd5 5. Bb2 Nc6 6. e3 e6 7. Nc3 a6 8. Nxd5 Qxd5 9. Be2 Be7 10. O-O O-O 11. a3 b5 12. Qc2 Bb7 13. Rac1 Rac8 14. Rfd1 Qd8 15. Qb1 Bf6 16. Rxc5 Bxb2 17. Qxb2 Ne7 18.
Rxc8 Qxc8 19. Rc1 Qd7 20. Ne5 Qd6 21. d4 Rc8 22. Rxc8+ Nxc8 23. b4 Nb6 24. Qc2 Bd5 25.
Qc5 Qxc5 26. dxc5 f6 27. cxb6 fxe5 28. f3 Bb7 29. Bd3 1-0

[Event "Late-Titled-Tuesday-Blitz-October-10-2023"]
[Site "Chess.com"]
[Date "2023.10.10"]
[Round "3"]
[White "kreonx"]
[Black "martinez_95"]
[Result "1-0"]
[WhiteElo "2485"]
[BlackElo "2224"]
[TimeControl "180+1"]
[EndTime "14:23:43 PDT"]
[Termination "kreonx won by resignation"]

1. e4 c5 2. Nc3 d6 3. g3 Nc6 4. Bg2 g6 5. d3 Bg7 6. Be3 Rb8 7.
Qd2 b5 8. a3 b4 9. axb4 cxb4 10. Nd1 e6 11. Ne2 Nge7 12. Bh6 O-O 13. h4 b3 14. c3 f5 15. Bxg7 Kxg7 16. h5 Rf7 17.
hxg6 Nxg6 18. exf5 Nge5 19. d4 Nc4 20. Qh6+ Kg8 21.
Bxc6 exf5 22. Bd5 1-0